 Dungeon Crawl Stone Soup version 0.27-a0-156-gbcd94eb011 (webtiles) character file.

Game seed: 14827890138258581146

3131 jasper the Carver (level 9, -8/43 HPs)
             Began as a Vine Stalker Fighter on Jan 27, 2021.
             Was a Priest of Uskayaw.
             Mangled by a two-headed ogre
             ... wielding a +0 giant club
              (9 damage)
             ... on level 7 of the Dungeon.
             The game lasted 00:10:01 (5062 turns).

jasper the Carver (Vine Stalker Fighter)            Turns: 5062, Time: 00:10:02

Health: -8/43      AC: 11    Str: 22    XL:     9   Next: 92%
Magic:  0/10       EV:  3    Int:  8    God:    Uskayaw [***...]
Gold:   155        SH:  9    Dex: 14    Spells: 8/8 levels left

rFire    + . .     SeeInvis .   k - +0 scimitar
rCold    + + .     Faith    .   c - +0 kite shield
rNeg     . . .     Spirit   +   t - +0 plate armour
rPois    .         Reflect  .   (no helmet)
rElec    .         Harm     .   C - scarf {rC+ rF+}
rCorr    .         Rampage  .   (no gloves)
Will     +....                  (no boots)
Stlth    ..........             (no amulet)
HPRegen  0.54/turn              D - ring of protection from cold
MPRegen  0.12/turn              (no ring)

@: hasted, very quick
A: fangs 3, regeneration 1, magic shield, antimagic bite, no potion heal 3
a: Renounce Religion, Stomp, Line Pass


You were on level 7 of the Dungeon.
You worshipped Uskayaw.
Uskayaw was noncommittal.
You visited 1 branch of the dungeon, and saw 7 of its levels.

You collected 393 gold pieces.
You spent 238 gold pieces at shops.

Inventory:

Hand Weapons
 a - a +0 long sword
 k - a +0 scimitar (weapon)
Missiles
 f - 174 stones (quivered)
Armour
 b - a +0 scale mail
 c - a +0 kite shield (worn)
 n - a +0 chain mail
 t - a +0 plate armour (worn)
 C - a scarf of resistance (worn)
Jewellery
 D - a ring of protection from cold (left hand)
Wands
 y - a wand of polymorph (6)
 A - a wand of random effects (4)
Scrolls
 g - a scroll of remove curse {unknown}
 h - 3 scrolls of teleportation {unknown}
 l - 2 scrolls of enchant armour {unknown}
 o - 4 scrolls of magic mapping {unknown}
 p - a scroll of blinking {unknown}
 r - 2 scrolls of fog {unknown}
 s - a scroll of fear {unknown}
 u - a scroll of random uselessness {unknown}
 v - 2 scrolls of immolation {unknown}
Potions
 d - 2 potions of brilliance
 e - a potion of mutation
 i - a potion of degeneration
 j - 5 potions of curing
 m - a potion of resistance
 q - 2 potions of haste
 w - a potion of cancellation {unknown}
 x - 2 potions of magic {unknown}
 z - a potion of invisibility {unknown}
 B - a potion of heal wounds {unknown}


   Skills:
 - Level 2.6 Fighting
 + Level 12.2 Long Blades
 - Level 2.4 Armour
 - Level 2.6 Shields


You had 8 spell levels left.
You didn't know any spells.
Your spell library was empty.

Dungeon Overview and Level Annotations

Branches:
Dungeon (7/15)             Temple (0/1) D:7

Altars:
Elyvilon
Makhleb
Nemelex Xobeh
Okawaru
Qazlal
Ru
Sif Muna
Uskayaw
Vehumet

Shops:
D:4 !*=?=   D:6 }}?:}


Innate Abilities, Weirdness & Mutations

You have razor-sharp teeth.
Your natural rate of healing is unusually fast.
When hurt, damage is shared between your health and your magic reserves.
Your bite disrupts and absorbs the magic of your enemies.
Potions cannot restore your health.


Message History

You barely miss the two-headed ogre. You bite the two-headed ogre.
You drain its power.
The two-headed ogre is moderately wounded.
The two-headed ogre hits you with a +0 giant club!
You block the two-headed ogre's attack.
You take 5 damage, and have 13/43 hp.
You now have 8/10 mp.
You slash the two-headed ogre!
The two-headed ogre is heavily wounded.
A leopard gecko zombie comes into view.
Uskayaw will force your foes to helplessly watch your dance.
Uskayaw prepares the audience for your solo!
The helpless two-headed ogre fails to defend itself.
You slash the two-headed ogre! You bite the two-headed ogre.
You drain its power.
You feel invigorated.
The two-headed ogre is severely wounded.
The two-headed ogre is no longer paralysed.
The two-headed ogre hits you with a +0 giant club!!
* * * LOW HITPOINT WARNING * * *
The two-headed ogre hits you with a +0 giant club!
You die...

..#.##.#.# ##.....#.#
.....##..###+###
.#...#..##[#.#$##
..#....##..#.#..##
..#.#.##.#.#.#.#?##
##..#.#(...#.#...!# )
......#####.#.######Z...
.......†..†###).@Oyo:#
......#####.#.#####.|..#
......#$...#.#...$# ...
#####.##.#.#.#.#.## #
#..##$.#.#..##
##..##?#)#?##
##..###'### ##.# ##.##
#.## ##.#


You could see a two-headed ogre, a killer bee (paralysed), an orc wizard
(paralysed) and a leopard gecko zombie (paralysed).

Vanquished Creatures
  Sigmund (D:4)
  Eustachio (D:6)
  A steam dragon (D:7)
  Duvessa (D:6)
  A sky beast (D:7)
  4 phantoms
  3 ogres
  A centaur (D:5)
  Blork the orc (D:5)
  2 big kobolds (D:7)
  2 bullfrogs
  A gnoll sergeant (D:6)
  Dowan (D:6)
  A wyvern zombie (D:7)
  2 scorpions
  3 howler monkeys (D:7)
  4 wights
  A quasit (D:7)
  3 jellies
  2 bullfrog zombies
  7 hounds
  A bullfrog skeleton (D:5)
  An iguana (D:6)
  Jessica (D:2)
  4 worker ants
  A hound zombie (D:3)
  A howler monkey skeleton (D:4)
  7 adders
  15 gnolls
  5 white imps
  2 ufetubi
  4 worms
  8 leopard geckos
  9 orcs
  3 ball pythons
  6 giant cockroaches
  5 goblins
  6 hobgoblins
  4 jackals
  5 kobolds
  2 quokkas
  3 bats
  3 frilled lizards (D:2)
  A quokka skeleton (D:4)
  2 rats (D:2)
142 creatures vanquished.

Notes
Turn   | Place    | Note
-------+----------+-------------------------------------------
     0 | D:1      | jasper the Vine Stalker Fighter began the quest for the
                  | Orb.
     0 | D:1      | Reached XP level 1. HP: 11/11 MP: 2/2
    86 | D:1      | Reached skill level 2 in Long Blades
   438 | D:1      | Reached XP level 2. HP: 15/16 MP: 3/3
   768 | D:2      | Found a white marble altar of Elyvilon.
   948 | D:2      | Noticed Jessica
   952 | D:2      | Killed Jessica
   953 | D:2      | Reached skill level 3 in Long Blades
   953 | D:2      | Reached XP level 3. HP: 19/19 MP: 4/4
  1021 | D:2      | Found a sacrificial altar of Ru.
  1146 | D:1      | Gained mutation: Your natural rate of healing is unusually
                  | fast. [Vine Stalker growth]
  1146 | D:1      | Reached XP level 4. HP: 13/23 MP: 5/5
  1196 | D:2      | Reached skill level 4 in Long Blades
  1709 | D:3      | Found a hide-covered altar of Uskayaw.
  1709 | D:3      | Noticed a +0 dagger
  1709 | D:3      | Noticed a +0 hand axe
  1744 | D:3      | Became a worshipper of Uskayaw the Reveller
  1782 | D:3      | Reached * piety under Uskayaw
  1810 | D:3      | Reached XP level 5. HP: 27/27 MP: 4/6
  1812 | D:3      | Reached ** piety under Uskayaw
  1844 | D:3      | Reached *** piety under Uskayaw
  1870 | D:3      | You fall into a shaft and drop 1 floor!
  1892 | D:4      | Found Ligroim's General Store.
  1900 | D:4      | Bought a potion of curing for 39 gold pieces
  1918 | D:4      | Reached skill level 5 in Long Blades
  1946 | D:4      | Reached **** piety under Uskayaw
  1947 | D:4      | Reached XP level 6. HP: 30/32 MP: 7/7
  1984 | D:4      | Reached skill level 6 in Long Blades
  2037 | D:4      | Found Noysheq's Distillery.
  2045 | D:4      | Bought a potion of curing for 39 gold pieces
  2176 | D:4      | Noticed Sigmund
  2186 | D:4      | Killed Sigmund
  2187 | D:4      | Reached XP level 7. HP: 25/35 MP: 5/8
  2241 | D:4      | Reached skill level 7 in Long Blades
  2274 | D:4      | Found Nus Zos's Magic Scroll Shoppe.
  2278 | D:4      | Bought a scroll of identify for 28 gold pieces
  2278 | D:4      | Bought a scroll of identify for 28 gold pieces
  2403 | D:4      | Found Wyamu's Jewellery Emporium.
  2426 | D:4      | Found Mepi's Jewellery Emporium.
  2880 | D:5      | Entered Level 5 of the Dungeon
  3035 | D:5      | Reached skill level 8 in Long Blades
  3128 | D:4      | Gained mutation: You have razor-sharp teeth. [Vine Stalker
                  | growth]
  3128 | D:4      | Reached XP level 8. HP: 30/39 MP: 6/9
  3386 | D:5      | Reached skill level 9 in Long Blades
  3388 | D:5      | Noticed Blork the orc
  3398 | D:5      | Killed Blork the orc
  3795 | D:6      | Noticed Eustachio
  3813 | D:6      | Killed Eustachio
  3814 | D:6      | Reached skill level 10 in Long Blades
  3916 | D:6      | Found Jibeprih's Gadget Emporium.
  3922 | D:6      | Bought a wand of iceblast (4) for 104 gold pieces
  3942 | D:6      | Noticed Duvessa
  3942 | D:6      | Noticed Dowan
  3956 | D:6      | Reached XP level 9. HP: 21/41 MP: 3/10
  3959 | D:6      | Reached ***** piety under Uskayaw
  3961 | D:6      | Killed Duvessa
  3964 | D:6      | Killed Dowan
  4063 | D:6      | Found a radiant altar of Vehumet.
  4072 | D:6      | Found a stormy altar of Qazlal.
  4239 | D:6      | Found a burning altar of Makhleb.
  4266 | D:6      | Found Wirre's Book Boutique.
  4283 | D:6      | Found Wynyma's Magic Scroll Shoppe.
  4303 | D:6      | Found Dassuxt's Gadget Shop.
  4348 | D:6      | Reached skill level 11 in Long Blades
  4395 | D:6      | Found an iron altar of Okawaru.
  4408 | D:6      | Found Wiamosus's Gadget Boutique.
  4472 | D:6      | Found a sparkling altar of Nemelex Xobeh.
  4605 | D:7      | Found a shimmering blue altar of Sif Muna.
  4685 | D:7      | Found a staircase to the Ecumenical Temple.
  4948 | D:7      | Reached ****** piety under Uskayaw
  4949 | D:7      | Reached skill level 12 in Long Blades
  5053 | D:7      | Noticed a two-headed ogre
  5062 | D:7      | HP: 1/43 [two-headed ogre/+0 giant club (12)]
  5062 | D:7      | Mangled by a two-headed ogre

Illustrated notes

Levels and vault maps discovered:
D:1:      giann_wishing_wells, layout_basic
D:2:      layout_loops_ring, elyvilon_altar_5, nicolae_ru_the_path_less_chosen,
          uniq_jessica
D:3:      layout_basic, dancing_weapons_uskayaw, lemuel_doored_altar,
          grunt_gozag_statues
D:4:      layout_basic, serial_shops, kennysheep_mini, shop_fountains, shop,
          shop, shop, minmay_joined_circles, uniq_sigmund
D:5:      layout_rooms, gup_sewer_entry_bowl, chequers_serial_rivers_small_b,
          uniq_blork_the_orc
D:6:      layout_cave_pools, general_overflow_altar, overflow_temple_1_default,
          nicolae_overflow_hidden_temple, minitemple, serial_shops,
          nicolae_shop_stone, kennysheep_little_box, shop,
          nicolae_shop_statue_plus, shop_fountains, uniq_eustachio, uniq_duvessa
D:7:      minmay_the_grid_octo_tiled_squarecenter
          [minmay_the_grid_octo_fat_diamond, minmay_the_grid_octo_pinwheel,
          minmay_the_grid_octo_clover, minmay_the_grid_octo_clover_2,
          minmay_the_grid_square_5x5_megaprize_crossed,
          minmay_the_grid_square_5x5_shrine1, minmay_the_grid_square_5x5_forky,
          minmay_the_grid_square_5x5_eight_small,
          minmay_the_grid_square_5x5_minimal], layout_basic, lemuel_round_altar,
          minmay_temple_entry_mini_moons, nemelex_diamond_rough_becter

Skill      XL: |  1  2  3  4  5  6  7  8  9 |
---------------+----------------------------+-----
Long Blades    | 2 3 4 5 6 8 10 12 | 12.2
Fighting       | |  2.6
Armour         | |  2.4
Shields        | |  2.6

Action                   |  1- 3 |  4- 6 |  7- 9 || total
-------------------------+-------+-------+-------++-------
Melee: Long sword        |    31 |       |       ||    31
       Bite              |    11 |    40 |    92 ||   143
       Scimitar          |    12 |   122 |   300 ||   434
Throw: Stone             |    13 |     1 |    12 ||    26
Invok: Stomp             |       |       |     2 ||     2
Evoke: Wand              |       |       |     4 ||     4
  Use: Scroll            |       |     3 |     4 ||     7
       Potion            |       |     1 |     2 ||     3
 Stab: Paralysed         |       |     2 |    10 ||    12
Armor: Scale mail        |    18 |    13 |       ||    31
       Chain mail        |       |    40 |     6 ||    46
       Plate armour      |       |       |   189 ||   189
       Skin              |       |       |     8 ||     8
Dodge: Dodged            |     9 |    21 |    37 ||    67
Block: Kite shield       |    24 |    65 |   151 ||   240
       Rpst.: Long sword |     2 |       |       ||     2
       Scimitar          |       |     5 |    11 ||    16

Table legend: (Time is in decaauts)
 A = Elapsed time spent in this place.
 B = Non-inter-level travel time spent in this place.
 C = Inter-level travel time spent in this place.
 D = Time resting spent in this place.
 E = Time spent auto-exploring this place.
 F = Levels seen in this place.
 G = Mean time per level.
                   A        B        C        D        E       F      G
               +--------+--------+--------+--------+--------+-----+--------+
         Total |   5197 |   4974 |    223 |    401 |   3379 |   7 |  742.4 |
       Dungeon |   5197 |   4974 |    223 |    401 |   3379 |   7 |  742.4 |
               +--------+--------+--------+--------+--------+-----+--------+

Top non-repeatable levels by time:
     D:4: 1224 daAuts
     D:1: 951 daAuts
     D:6: 811 daAuts
     D:2: 799 daAuts
     D:5: 756 daAuts
     D:7: 474 daAuts
     D:3: 179 daAuts
